 Dungeon Crawl Stone Soup version 0.29-a0-653-gd47aff6735 (webtiles) character file.

Game seed: 12974970052453020967

1886 ytrimaz the Slinger (level 9, -5/61 HPs)
             Began as a Formicid Hunter on June 21, 2022.
             Slain by an ogre
             ... wielding a +0 giant club
              (22 damage)
             ... on level 6 of the Dungeon.
             The game lasted 00:10:53 (7756 turns).

ytrimaz the Slinger (Formicid Hunter)               Turns: 7756, Time: 00:10:54

Health: -5/61      AC: 10    Str: 17    XL:     9   Next: 37%
Magic:  9/9        EV:  5    Int: 10    God:
Gold:   259        SH:  0    Dex: 19    Spells: 8/8 levels left

rFire   . . .      SeeInvis +   o - +0 giant spiked club
rCold   . . .      Faith    .   (shield currently unavailable)
rNeg    . . .      Spirit   .   p - +0 plate armour
rPois   .          Reflect  .   (helmet unavailable)
rElec   .          Harm     .   (no cloak)
rCorr   .          Rampage  .   (no gloves)
Will    .....                   (no boots)
Stlth   ..........              (no amulet)
HPRegen 0.20/turn               (no ring)
MPRegen 0.11/turn               (no ring)

@: no status effects
A: permanent stasis, dig shafts and tunnels, antennae 3, four strong arms
a: Dig, Shaft Self


You were on level 6 of the Dungeon.
You visited 1 branch of the dungeon, and saw 7 of its levels.

You collected 259 gold pieces.

Inventory:

Hand Weapons
 a - a +1 hunting sling
 o - a +0 giant spiked club (weapon)
Missiles
 r - a throwing net
Armour
 b - a +0 leather armour
 p - a +0 plate armour (worn)
Wands
 i - a wand of light (10)
 l - a wand of polymorph (9)
Scrolls
 c - 2 scrolls of immolation
 e - 3 scrolls of noise
 m - a scroll of fear
Potions
 f - 3 potions of curing
 g - 2 potions of mutation
 j - a potion of attraction {unknown}
 n - 3 potions of magic {unknown}
 q - a potion of brilliance {unknown}


   Skills:
 - Level 2.1 Fighting
 + Level 1.1 Long Blades
 * Level 8.5 Maces & Flails
 - Level 9.0 Slings
 * Level 2.1 Armour
 - Level 1.8 Dodging
 - Level 1.2 Stealth
 + Level 0.1 Shields
 - Level 0.1 Conjurations
 - Level 0.1 Earth Magic
 - Level 0.1 Poison Magic
 - Level 0.1 Invocations


You had 8 spell levels left.
You didn't know any spells.
Your spell library contained the following spells:

 Spells                   Type           Power      Damage    Failure   Level
 Beastly Appendage        Tmut           0%         N/A       100%        1
 Sandblast                Erth           0%         2d4       100%        1
 Summon Small Mammal      Summ           0%         N/A       100%        1
 Passwall                 Tmut/Erth      0%         N/A       100%        2
 Static Discharge         Conj/Air       0%         N/A       100%        2
 Wereblood                Tmut           0%         N/A       100%        2
 Call Canine Familiar     Summ           0%         N/A       100%        3
 Ozocubu's Armour         Ice            0%         N/A       100%        3
 Portal Projectile        Hex/Tloc       0%         N/A       100%        3
 Spider Form              Tmut/Pois      0%         N/A       100%        3
 Stone Arrow              Conj/Erth      0%         3d7       100%        3
 Summon Guardian Golem    Hex/Summ       0%         N/A       100%        3
 Tukima's Dance           Hex            0%         N/A       100%        3
 Blade Hands              Tmut           0%         N/A       100%        5
 Lightning Bolt           Conj/Air       0%         1d11      100%        5
 Metabolic Englaciation   Hex/Ice        0%         N/A       100%        5
 Simulacrum               Ice/Necr       0%         N/A       100%        6
 Maxwell's Capacitive Co  Air            0%         ∞         100%        8


Dungeon Overview and Level Annotations

Branches:
Dungeon (7/15)             Temple (0/1) D:6

Altars:
Dithmenos
Elyvilon
Ru
Sif Muna

Annotations:
D:4 1 runed translucent door, happo123's ghost, amateur GrEE


Innate Abilities, Weirdness & Mutations

You cannot be hasted, slowed, berserked, paralysed or teleported.
You can dig through walls and to a lower floor.
You have a pair of large antennae on your head. (SInv)
Your four strong arms can wield two-handed weapons with a shield.


Message History

The orc wizard is severely wounded.
The orc wizard barely misses you.
The orc wizard points at you and mumbles some strange words.
You easily resist.
The orc hits you but does no damage. The orc hits you with a +0 flail.
You are too injured to fight recklessly!
You strike the helpless orc wizard from behind!
You impale the orc wizard!!
You kill the orc wizard!
The orc wizard hits you but does no damage.
The orc hits you but does no damage. x2; The orc barely misses you.
The orc hits you with a +0 whip.
The orc wizard hits you with a +0 dagger.
* * * LOW HITPOINT WARNING * * *
Things that are here:
a +0 dagger; a +0 robe Unknown command.
You hit the orc wizard but do no damage.
The orc wizard barely misses you.
Unknown command.
You closely miss the orc wizard.
The orc wizard hits you but does no damage.
The orc wizard hits you with a +0 dagger.
* * * LOW HITPOINT WARNING * * *
You are too injured to fight recklessly!
You closely miss the orc wizard. The orc wizard barely misses you.
You are too injured to fight recklessly!
You bludgeon the orc wizard!!
You kill the orc wizard!
Unknown command.
You thump the orc!
You kill the orc!
The orc barely misses you.
You impale the orc!!
You kill the orc!
An ogre comes into view. It is wielding a +0 giant club.
Unknown command.
Items here: ))) [[.
The ogre hits you with a +0 giant club!!
You die...

..###<..#####)###.....
............##).)##.....
.###........##..##......
{ #....###(.............
. ##....#................
..#....##..#.............
.......###)..............
.......#O)#..............
........@................
.####..###............#.#
### ##...........##.#
#......###..#####
#.......##### ##........#
#.........# ##.#......#
#.#....###


You could see an ogre.

Vanquished Creatures
  Menkaure (D:5)
  Duvessa (D:5)
  2 sky beasts (D:6)
  A black bear (D:5)
  An ogre (D:4)
  A necrophage (D:6)
  4 scorpions (D:5)
  Dowan (D:5)
  2 jellies
  A gnoll shaman (D:6)
  2 orc priests (D:5)
  4 hounds (D:5)
  Jessica (D:3)
  2 iguanas
  Ijyb (D:5)
  6 orc wizards
  Robin (D:3)
  13 gnolls
  3 river rats (D:4)
  15 adders
  A shadow imp (D:5)
  An ufetubus (D:5)
  3 worms
  4 dart slugs
  15 orcs
  8 endoplasms
  2 giant cockroaches
  18 goblins
  6 hobgoblins
  7 jackals
  7 quokkas
  11 ball pythons
  4 bats
  5 frilled lizards
  3 kobolds
  8 rats
166 creatures vanquished.

Notes
Turn   | Place    | Note
-------+----------+-------------------------------------------
     0 | D:1      | ytrimaz the Formicid Hunter began the quest for the Orb.
     0 | D:1      | Reached XP level 1. HP: 16/16 MP: 1/1
    66 | D:1      | Reached XP level 2. HP: 22/22 MP: 2/2
   124 | D:1      | Reached skill level 5 in Slings
   207 | D:1      | Reached XP level 3. HP: 27/27 MP: 3/3
   366 | D:1      | Found a faded altar of an unknown god.
   838 | D:2      | Reached XP level 4. HP: 20/33 MP: 4/4
  1079 | D:2      | Reached skill level 6 in Slings
  1483 | D:2      | Reached XP level 5. HP: 27/38 MP: 5/5
  2020 | D:3      | Noticed Robin
  2259 | D:3      | Found a sacrificial altar of Ru.
  2276 | D:3      | Reached skill level 7 in Slings
  2316 | D:3      | Reached XP level 6. HP: 24/44 MP: 6/6
  2784 | D:3      | Killed Robin
  2792 | D:3      | HP: 1/44 [gnoll/+0 mace (11)]
  2794 | D:3      | Reached skill level 8 in Slings
  2838 | D:3      | Noticed Jessica
  2843 | D:3      | Killed Jessica
  3166 | D:3      | Identified the +0 whip of Essoenir {speed, rN+ Str+3}
  3624 | D:4      | Found a shadowy altar of Dithmenos.
  3930 | D:4      | Reached XP level 7. HP: 50/50 MP: 7/7
  4317 | D:4      | Found a runed translucent door.
  4317 | D:4      | Noticed happo123's ghost (amateur GrEE)
  4350 | D:4      | Found a shimmering blue altar of Sif Muna.
  4519 | D:4      | Reached skill level 1 in Long Blades
  4519 | D:4      | Reached skill level 9 in Slings
  4923 | D:4      | You fall into a shaft and drop 3 floors!
  4965 | D:7      | Found a white marble altar of Elyvilon.
  5007 | D:6      | Found a staircase to the Ecumenical Temple.
  5012 | D:5      | Entered Level 5 of the Dungeon
  5217 | D:5      | Noticed Duvessa
  5217 | D:5      | Noticed Dowan
  5227 | D:5      | Killed Duvessa
  5228 | D:5      | Reached XP level 8. HP: 50/56 MP: 8/8
  5238 | D:5      | Killed Dowan
  5822 | D:5      | Noticed Menkaure
  5828 | D:5      | Killed Menkaure
  5829 | D:5      | Reached skill level 5 in Maces & Flails
  6128 | D:5      | Noticed Ijyb
  6145 | D:5      | Killed Ijyb
  6837 | D:5      | Reached XP level 9. HP: 28/61 MP: 9/9
  7346 | D:6      | Reached skill level 1 in Armour
  7756 | D:6      | Slain by an ogre

Illustrated notes

Levels and vault maps discovered:
D:1:      dpeg_arrival_pits, layout_loops_ring,
          hellmonk_ecumenical_altar_arch_garden, st_stairs_9,
          minmay_indecisive_spiral
D:2:      layout_basic, minmay_split_cup_small
D:3:      layout_loops_ring, nicolae_ru_great_annihilating_truth, uniq_robin,
          uniq_jessica
D:4:      layout_basic, kennysheep_orc_sif_temple, lemuel_round_altar,
          nicolae_overflow_hidden_temple, lightli_sewer_entry_pipes,
          gammafunk_ghost_grave, kennysheep_decorative_pillar,
          nicolae_underground_beach
D:5:      layout_basic, uniq_menkaure, uniq_duvessa, uniq_ijyb
D:6:      layout_cave_pools, minmay_temple_entry_trees
D:7:      layout_gridville, mainiacjoe_overflow_chevrons

Skill      XL: |  1  2  3  4  5  6  7  8  9 |
---------------+----------------------------+-----
Slings         | 5 6 7 8 9 |  9.0
Long Blades    | 1 |  1.1
Maces & Flails | 3 7 8 |  8.5
Armour         | 2 |  2.1
Fighting       | |  2.1
Dodging        | |  1.8
Stealth        | |  1.2
Shields        | |  0.1
Conjurations   | |  0.1
Earth Magic    | |  0.1
Poison Magic   | |  0.1
Invocations    | |  0.1

Action                   |  1- 3 |  4- 6 |  7- 9 || total
-------------------------+-------+-------+-------++-------
Melee: Hunting sling     |       |     3 |       ||     3
       Punch             |       |     1 |       ||     1
       Giant spiked club |       |       |   163 ||   163
 Fire: Hunting sling     |    81 |   237 |    75 ||   393
 Abil: Dig               |     4 |       |       ||     4
Evoke: Wand              |       |       |     2 ||     2
  Use: Scroll            |     3 |     6 |     3 ||    12
       Potion            |       |     3 |     4 ||     7
 Stab: Invisible         |       |     1 |     7 ||     8
Armor: Leather armour    |    11 |    33 |     6 ||    50
       Plate armour      |       |       |   181 ||   181
       Skin              |       |       |     6 ||     6
Dodge: Dodged            |    22 |    96 |   109 ||   227

Table legend: (Time is in decaauts)
 A = Elapsed time spent in this place.
 B = Non-inter-level travel time spent in this place.
 C = Inter-level travel time spent in this place.
 D = Time resting spent in this place.
 E = Time spent auto-exploring this place.
 F = Levels seen in this place.
 G = Mean time per level.
                   A        B        C        D        E       F      G
               +--------+--------+--------+--------+--------+-----+--------+
         Total |   7949 |   7684 |    265 |    436 |   5920 |   7 | 1135.6 |
       Dungeon |   7949 |   7684 |    265 |    436 |   5920 |   7 | 1135.6 |
               +--------+--------+--------+--------+--------+-----+--------+

Top non-repeatable levels by time:
     D:5: 2344 daAuts
     D:4: 1453 daAuts
     D:2: 1448 daAuts
     D:3: 1287 daAuts
     D:1: 850 daAuts
     D:6: 496 daAuts
     D:7: 69 daAuts
